 Dungeon Crawl Stone Soup version 0.26-a0-612-gd4d190f45e (webtiles) character file.

Game seed: 14664786704192393785

5 Gargoyl the Skirmisher (level 1, -28/23 HPs)
             Began as a Gnoll Abyssal Knight on Sept 9, 2020.
             Was a Follower of Lugonu.
             Annihilated by a large abomination (38 damage)
             ... on level 2 of the Abyss.
             The game lasted 00:00:24 (246 turns).

Gargoyl the Skirmisher (Gnoll Abyssal Knight)        Turns: 246, Time: 00:00:24

Health: -28/23     AC:  3    Str: 14    XL:     1   Next: 80%
Magic:  3/3        EV: 12    Int: 14    God:    Lugonu [*.....]
Gold:   12         SH:  0    Dex: 14    Spells: 0/0 levels left

rFire    . . .     SeeInvis .   a - +1 hand axe
rCold    . . .     Faith    .   (no shield)
rNeg     . . .     Spirit   .   b - +0 leather armour
rPois    .         Reflect  .   (no helmet)
rElec    .         Harm     .   (no cloak)
rCorr    .                      (no gloves)
MR       .....                  (no boots)
Stlth    +.........             (no amulet)
HPRegen  0.07/turn              (no ring)
MPRegen  0.08/turn              (no ring)

@: no status effects
A: distributed training, fangs 1, strong nose
a: Depart the Abyss, Renounce Religion


You were on level 2 of the Abyss.
You worshipped Lugonu.
Lugonu was aware of your devotion.
You visited 0 branches of the dungeon, and saw 0 of its levels.
You visited the Abyss 1 time.

You collected 12 gold pieces.

Inventory:

Hand Weapons
 a - a +1 hand axe (weapon)
Armour
 b - a +0 leather armour (worn)


   Skills:
 + Level 6.4 Fighting
 + Level 0.1 Short Blades
 + Level 0.1 Long Blades
 + Level 4.4 Axes
 + Level 0.1 Maces & Flails
 + Level 0.1 Polearms
 + Level 0.1 Staves
 + Level 0.1 Slings
 + Level 0.1 Bows
 + Level 0.1 Crossbows
 + Level 0.1 Throwing
 + Level 4.4 Armour
 + Level 2.4 Dodging
 + Level 0.1 Stealth
 + Level 0.1 Shields
 + Level 0.1 Unarmed Combat
 + Level 0.1 Spellcasting
 + Level 0.1 Conjurations
 + Level 0.1 Hexes
 + Level 0.1 Summonings
 + Level 0.1 Necromancy
 + Level 0.1 Translocations
 + Level 0.1 Transmutations
 + Level 0.1 Fire Magic
 + Level 0.1 Ice Magic
 + Level 0.1 Air Magic
 + Level 0.1 Earth Magic
 + Level 0.1 Poison Magic
 + Level 4.4 Invocations
 + Level 0.1 Evocations


You couldn't memorise any spells.
You didn't know any spells.
Your spell library was empty.

Dungeon Overview and Level Annotations

Branches:
Dungeon (0/15)

Altars:


Innate Abilities, Weirdness & Mutations

Your experience applies equally to all skills.
You have very sharp teeth.
Your uncanny sense of smell can sniff out nearby items.


Message History

You hit the ufetubus. Your bite misses the ufetubus.
The ufetubus is severely wounded.
The ufetubus misses you. The ufetubus barely misses you.
The ufetubus hits you. x2
You hit the ufetubus.
You kill the ufetubus!
HP restored.
A starcursed mass comes into view.
A starcursed mass splits.
A starcursed mass splits.
A starcursed mass splits. x2
A large abomination comes into view.
The large abomination barely misses you.
Found a gateway leading deeper into the Abyss.
A large abomination comes into view.
There is a gateway leading deeper into the Abyss here.
The large abomination hits you!
Ouch! That really hurt!
The large abomination hits you!!!
Ouch! That really hurt!
You die...

# .# ## ..# .
##.##.##∆ .
..#....## #.
##...#....
#.###@....#
#§..XX..##..# ..
###.....# ## #.
#..#.#..# ..# .#.
#.......#...#
..#.####...#.....
#.#.##.....##.#.
###..§##X....# #
....#....X..#.


You could see a starcursed mass and 2 large abominations.

Vanquished Creatures
  An ufetubus (Abyss:2)
1 creature vanquished.

Notes
Turn   | Place    | Note
-------+----------+-------------------------------------------
     0 | Abyss:1  | Gargoyl the Gnoll Abyssal Knight began the quest for the
                  | Orb.
     0 | Abyss:1  | Reached XP level 1. HP: 23/23 MP: 3/3
    94 | Abyss:2  | Found a corrupted altar of Lugonu.
   216 | Abyss:2  | Noticed a starcursed mass
   231 | Abyss:2  | Noticed a large abomination
   243 | Abyss:2  | Noticed a large abomination
   246 | Abyss:2  | Annihilated by a large abomination

Illustrated notes

Levels and vault maps discovered:
Abyss:2:  hangedman_abyss_mock_shop, bh_abyss_exit_spiral

Action                   || total
-------------------------++-------
Melee: Hand axe          ||     4
  Use: Scroll            ||     1
Armor: Leather armour    ||     2
Dodge: Dodged            ||     9

Table legend: (Time is in decaauts)
 A = Elapsed time spent in this place.
 B = Non-inter-level travel time spent in this place.
 C = Inter-level travel time spent in this place.
 D = Time resting spent in this place.
 E = Time spent auto-exploring this place.
 F = Levels seen in this place.
 G = Mean time per level.
                   A        B        C        D        E       F      G
               +--------+--------+--------+--------+--------+-----+--------+
         Total |    246 |    246 |      0 |      0 |    196 |   2 |  123.0 |
         Abyss |    246 |    246 |      0 |      0 |    196 |   2 |  123.0 |
               +--------+--------+--------+--------+--------+-----+--------+

Top non-repeatable levels by time:
 Abyss:2: 152 daAuts
 Abyss:1: 94 daAuts
